Match 47168408
Unlisted

Match 47168408
End
Selects Luftwaffe Battlegroup
Selects Luftwaffe Pioneer Support
Fallschirmpioneer Squad Paradrop
Kettenkrad Recon Vehicle
Fallschirmpioneer Squad Paradrop
Construct Infanterie Kompanie
Fallschirmpioneer Squad Paradrop
Infanterie Officer Quarters
Construct Luftwaffe Kompanie
221 Scout Car
Selects LG40 Recoilless Gun Paradrop
LG40 Recoilless Gun Paradrop
Selects Stuka Strafing Run
Support Elements
Selects Fallschirmjäger Squad Paradrop
Fallschirmjäger Squad Paradrop
Wirbelwind Flakpanzer
Stuka Strafing Run
Marder III M Tank Destroyer
Fallschirmpioneer Squad Paradrop
Fallschirmpioneer Squad Paradrop
Wirbelwind Flakpanzer
Marder III M Tank Destroyer
Selects Stuka Loiter
Wirbelwind Flakpanzer
Stuka Loiter
Marder III M Tank Destroyer
Selects Infantry Reserves
Fallschirmpioneer Squad Paradrop
Stuka Strafing Run
laytovskiy
DrewP
0
0

Comments sign in to comment!

No comments posted yet!